 Dungeon Crawl Stone Soup version 0.25.1-4-g9407a263a5 (webtiles) character file.

Game seed: 5622568702098519618

5946 Erymatos the Cleaver (level 10, -20/136 HPs)
             Began as a Minotaur Berserker on Nov 25, 2020.
             Was a High Priest of Trog.
             Demolished by an enormous slime creature (54 damage)
             ... on level 9 of the Dungeon.
             The game lasted 00:19:03 (10244 turns).

Erymatos the Cleaver (Minotaur Berserker)          Turns: 10244, Time: 00:19:03

Health: -20/136    AC: 16    Str: 25    XL:     10   Next: 54%
Magic:  9/9        EV: 14    Int:  4    God:    Trog [*****.]
Gold:   62         SH:  3    Dex: 10    Spells: 9/9 levels left

rFire    . . .     SeeInvis .   J - +2 war axe (curse)
rCold    . . .     Gourm    .   y - +0 buckler
rNeg     . . .     Faith    .   z - +0 chain mail
rPois    .         Spirit   .   (helmet restricted)
rElec    .         Reflect  .   (no cloak)
rCorr    .         Harm     .   v - +0 pair of gloves
MR       .....                  k - +0 pair of boots
Stlth    ..........             (no amulet)
HPRegen  0.32/turn              p - +4 ring of evasion
MPRegen  0.11/turn              j - +4 ring of protection

@: berserking, very quick
A: retaliatory headbutt, horns 2
a: Berserk, Trog's Hand, Brothers in Arms, Renounce Religion


You were on level 9 of the Dungeon.
You worshipped Trog.
Trog was extremely pleased with you.
You were not hungry.

You visited 1 branch of the dungeon, and saw 9 of its levels.

You collected 434 gold pieces.
You spent 372 gold pieces at shops.

Inventory:

Hand Weapons
 J - a cursed +2 war axe (weapon)
Armour
 k - a +0 pair of boots (worn)
 v - a +0 pair of gloves (worn)
 y - a +0 buckler (worn)
 z - a +0 chain mail (worn)
Jewellery
 e - an uncursed ring of protection from cold
 j - a +4 ring of protection (right hand)
 p - a +4 ring of evasion (left hand)
 A - an uncursed ring of flight
 C - an uncursed ring of protection from cold
 F - a +6 ring of dexterity
 H - an uncursed ring of see invisible
 I - an uncursed ring of protection from fire
Wands
 E - a wand of acid (14)
 L - a wand of random effects (7)
 N - a wand of polymorph (11)
Scrolls
 a - a scroll of random uselessness {unknown}
 d - 12 scrolls of teleportation
 h - 3 scrolls of blinking {unknown}
 i - 12 scrolls of identify {unknown}
 m - 3 scrolls of enchant armour {unknown}
 o - a scroll of fog {unknown}
 q - a scroll of amnesia {unknown}
 r - 2 scrolls of enchant weapon {unknown}
 s - 4 scrolls of remove curse
 B - a scroll of noise {unknown}
Potions
 b - a potion of resistance {unknown}
 f - 2 potions of berserk rage {unknown}
 g - 2 potions of haste {unknown}
 l - 4 potions of curing
 n - 5 potions of heal wounds
 t - a potion of degeneration {unknown}
 u - 2 potions of flight {unknown}
 w - 2 potions of lignification
 x - 2 potions of stabbing {unknown}
 D - a potion of invisibility {unknown}
 G - a potion of ambrosia {unknown}
 M - a potion of mutation {unknown}
Comestibles
 c - 14 rations


   Skills:
 + Level 9.2 Fighting
 + Level 13.5 Axes
 + Level 6.3 Armour
 + Level 6.7 Dodging
 + Level 3.2 Stealth
 + Level 0.9 Shields


You had 9 spell levels left.
You didn't know any spells.
Your spell library was empty.

Dungeon Overview and Level Annotations

Branches:
Dungeon (9/15)             Temple (0/1) D:5            Lair (0/6) D:9
    Orc: D:9-12

Altars:
Ashenzari
Cheibriados
Dithmenos
Elyvilon
Hepliaklqana
Kikubaaqudgha
Makhleb
Nemelex Xobeh
Okawaru
Qazlal
Trog
Vehumet
Wu Jian
Xom

Shops:
D:4 }   D:5 %:!*?   D:8 :*%*:


Innate Abilities, Weirdness & Mutations

You reflexively headbutt those who attack you in melee.
You have a pair of horns on your head.


Message History

You slash the enormous slime creature!
The enormous slime creature is heavily wounded.
Unknown command.
You slash the enormous slime creature!
You headbutt the enormous slime creature!
The enormous slime creature is heavily wounded.
The enormous slime creature hits you but does no damage.
Unknown command.
You slash the enormous slime creature!
The enormous slime creature is heavily wounded.
The enormous slime creature hits you!
* * * LOW HITPOINT WARNING * * *
Unknown command.
You slice the enormous slime creature!!
The enormous slime creature is severely wounded.
Unknown command.
You slice the enormous slime creature!!
The enormous slime creature is severely wounded.
The enormous slime creature hits you!!!
You die...

.####.≈....≈≈≈≈.≈≈....
#.. .#
#....≈.≈...≈....## #..
.# #......≈..........
#... .#
#...............# ...#
.# #####.####..###.#
.... ## #.# ##.#
####.# #.# #....#
#.###.#.# #.....#
#.@J....# #.....#
#####.### #.....#
#....## ...... ##...##
##..#


You could see an enormous slime creature.

Vanquished Creatures
  An unseen horror (D:8)
  A troll (D:9)
  A slime creature (D:9)
  2 wyverns (D:9)
  A water moccasin (D:8)
  Duvessa (D:7)
  A black bear (D:4)
  An orc warrior (D:6)
  A sky beast (D:5)
  2 ice beasts
  4 ogres
  3 phantoms
  4 wolves (D:9)
  2 centaurs (D:6)
  3 bullfrogs
  A gnoll sergeant (D:9)
  Dowan (D:7)
  A scorpion (D:4)
  6 killer bees (D:9)
  8 wights (D:8)
  2 howler monkeys
  2 electric eels (D:9)
  2 crimson imps
  5 bullfrog zombies
  5 hounds
  2 centaur skeletons (D:8)
  4 orc priests
  A gnoll shaman (D:9)
  14 orc wizards
  3 bullfrog skeletons
  6 worker ants
  2 iguanas
  A hound zombie (D:5)
  A hound skeleton (D:4)
  A worker ant zombie (D:5)
  Robin (D:2)
  9 gnolls (D:9)
  13 adders
  A shadow imp (D:6)
  An ooze (D:4)
  2 adder zombies
  3 adder skeletons
  4 worms
  4 leopard geckos
  40 orcs
  A ball python (D:2)
  10 bats
  5 giant cockroaches
  16 goblins
  9 hobgoblins
  18 jackals
  5 quokkas
  5 frilled lizards
  6 kobolds
  A leopard gecko skeleton (D:4)
  A leopard gecko zombie (D:7)
  A quokka zombie (D:5)
  6 rats
258 creatures vanquished.

Vanquished Creatures (collateral kills)
  A gargoyle (D:9)
  An electric eel (D:9)
2 creatures vanquished.

Grand Total: 260 creatures vanquished

Notes
Turn   | Place    | Note
-------+----------+-------------------------------------------
     0 | D:1      | Erymatos the Minotaur Berserker began the quest for the
                  | Orb.
     0 | D:1      | Reached XP level 1. HP: 19/19 MP: 0/0
    72 | D:1      | Reached XP level 2. HP: 23/27 MP: 1/1
   178 | D:1      | Reached skill level 4 in Axes
  1029 | D:2      | Reached XP level 3. HP: 33/33 MP: 2/2
  1052 | D:2      | Found a hazy altar of Hepliaklqana.
  1063 | D:2      | Reached ** piety under Trog
  1068 | D:2      | Found a burning altar of Makhleb.
  1354 | D:2      | Noticed Robin
  1358 | D:2      | Reached XP level 4. HP: 41/41 MP: 3/3
  1368 | D:2      | Killed Robin
  1745 | D:2      | Reached skill level 5 in Axes
  1749 | D:2      | Reached XP level 5. HP: 31/47 MP: 4/4
  2155 | D:3      | Found a shadowy altar of Dithmenos.
  2291 | D:3      | Found a shimmering altar of Xom.
  2439 | D:3      | Reached *** piety under Trog
  2751 | D:3      | Reached skill level 6 in Axes
  3109 | D:3      | Reached skill level 5 in Fighting
  3109 | D:3      | Reached XP level 6. HP: 54/56 MP: 5/5
  3140 | D:3      | Reached skill level 1 in Stealth
  3518 | D:4      | Reached skill level 7 in Axes
  3518 | D:4      | Reached XP level 7. HP: 27/61 MP: 6/6
  3962 | D:4      | Found Kadipnet's Gadget Shoppe.
  3979 | D:4      | Found a sparkling altar of Nemelex Xobeh.
  3992 | D:4      | Reached skill level 8 in Axes
  4208 | D:4      | Reached skill level 5 in Dodging
  4303 | D:4      | Reached **** piety under Trog
  4660 | D:5      | Entered Level 5 of the Dungeon
  4668 | D:5      | Reached XP level 8. HP: 69/70 MP: 7/7
  4688 | D:5      | Found Jueliugi's Assorted Antiques.
  4762 | D:5      | Reached skill level 9 in Axes
  4767 | D:5      | Found Omni Vyo's Food Emporium.
  4814 | D:5      | Found Maceosubb's Distillery.
  4818 | D:5      | Bought a potion of curing for 39 gold pieces
  4818 | D:5      | Bought a potion of heal wounds for 65 gold pieces
  4818 | D:5      | Bought a potion of lignification for 39 gold pieces
  4859 | D:5      | Found Xydulos's Book Emporium.
  4955 | D:5      | Found Zomy's Magic Scroll Emporium.
  4961 | D:5      | Bought a scroll of remove curse for 39 gold pieces
  4995 | D:5      | Found an ancient bone altar of Kikubaaqudgha.
  5005 | D:5      | Found a white marble altar of Elyvilon.
  5056 | D:5      | Found a staircase to the Ecumenical Temple.
  5122 | D:5      | Found a shattered altar of Ashenzari.
  5176 | D:5      | Found a bloodstained altar of Trog.
  5379 | D:5      | Found a radiant altar of Vehumet.
  5697 | D:6      | You fall into a shaft and drop 1 floor!
  5854 | D:6      | Found a snail-covered altar of Cheibriados.
  5989 | D:6      | Found an iron altar of Okawaru.
  6030 | D:6      | Reached skill level 10 in Axes
  6294 | D:6      | Reached ***** piety under Trog
  6744 | D:6      | Reached XP level 9. HP: 70/78 MP: 8/8
  6967 | D:6      | Found an ornate altar of the Wu Jian Council.
  7257 | D:7      | Noticed Duvessa
  7258 | D:7      | Found a stormy altar of Qazlal.
  7259 | D:7      | Noticed Dowan
  7261 | D:7      | Killed Duvessa
  7267 | D:7      | Killed Dowan
  7295 | D:7      | Reached skill level 11 in Axes
  7833 | D:8      | Found Socixi Zovi's Book Boutique.
  7884 | D:8      | Found Jame's Assorted Antiques.
  7891 | D:8      | Bought a pair of boots for 148 gold pieces
  8210 | D:8      | Killed an unseen horror
  8210 | D:8      | Reached skill level 12 in Axes
  8344 | D:8      | Found Woheg's General Store.
  8351 | D:8      | Bought a scroll of teleportation for 42 gold pieces
  8371 | D:8      | Found Eghaana's Book Emporium.
  8374 | D:8      | Reached skill level 5 in Armour
  8447 | D:8      | Reached XP level 10. HP: 86/90 MP: 9/9
  8551 | D:8      | Found Ruxtecom's Food Shop.
  9051 | D:9      | Reached skill level 13 in Axes
  9663 | D:9      | Found a staircase to the Lair.
  9676 | D:9      | Noticed a gargoyle
  9688 | D:9      | Killed a gargoyle
 10244 | D:9      | Demolished by an enormous slime creature

Illustrated notes

Levels and vault maps discovered:
D:1:      tarquinn_simple_flora_water_b, layout_basic, serial_rivers,
          chequers_serial_rivers_micro_b, chequers_serial_rivers_micro_b,
          chequers_serial_rivers_micro_e, chequers_serial_rivers_large_b
D:2:      layout_loops_corners, chequers_temple_overflow_statue_of_worship,
          serial_bayou_pond_e, uniq_robin
D:3:      layout_loops_corners, lemuel_doored_altar,
          nicolae_overflow_crystal_walls, first_ration, grunt_ministairs_10
D:4:      layout_loops_cross, nemelex_xobeh_ov_fountains_minmay, serial_shops,
          shop, minmay_manual_mandibuliform
D:5:      layout_basic, lemuel_coloured_pillars_altar, lemuel_round_altar,
          lemuel_crystal_altar, kiku_gazebo_garden_becter, old_standard_altar,
          temple_pool_b, serial_shops, kennysheep_mini_moat, shop, shop_statue,
          shop, shop
D:6:      layout_loops_ring, lemuel_crystal_altar, lemuel_round_altar,
          okawaru_trees_1
D:7:      layout_loops_ring, basic_altar, uniq_duvessa
D:8:      layout_loops_corners, serial_shops, shop, shop, shop, shop,
          nicolae_shop_trees
D:9:      layout_loops_corners, erik_lair_island

Skill      XL: |  1  2  3  4  5  6  7  8  9 10 |
---------------+-------------------------------+-----
Axes           | 4 5 6 7 8 10 12 13 | 13.5
Fighting       | 4 5 6 8 9 |  9.2
Dodging        | 3 4 5 6 |  6.7
Stealth        | 1 2 3 |  3.2
Armour         | 3 5 6 |  6.3
Shields        | |  0.9

Action                   |  1- 3 |  4- 6 |  7- 9 | 10-12 || total
-------------------------+-------+-------+-------+-------++-------
Melee: Hand axe          |    84 |   155 |   156 |       ||   395
       Headbutt          |    11 |    31 |    67 |    27 ||   136
       War axe           |       |       |   185 |   158 ||   343
Invok: Berserk           |       |     3 |     2 |     2 ||     7
       Brothers in Arms  |       |       |       |     2 ||     2
       Trog's Hand       |       |       |       |     1 ||     1
  Use: Scroll            |       |       |     1 |       ||     1
 Stab: Sleeping          |       |     2 |     3 |       ||     5
  Eat: Chunk             |     1 |    10 |    12 |     5 ||    28
       Ration            |       |       |     2 |     1 ||     3
Armor: Animal skin       |    30 |    39 |    20 |       ||    89
       Chain mail        |       |       |   107 |    66 ||   173
Dodge: Dodged            |    55 |    98 |   156 |   101 ||   410
Block: Buckler           |       |       |       |    13 ||    13
